Map: Lightshade LE

Players

TLO

  • Race: Zerg Zerg
  • League: Master
  • Spawn Location: 5:00

MikeHawk - Winner!

  • Race: Terran Terran
  • League: Master
  • Spawn Location: 11:00

VOD

Have the link to the VOD?

Description

TvZ hellbats with first medivac + marines + liberator followup

Time

  • Played on: Oct. 6, 2020, 3:26 p.m.
  • Length: 4:58
Show
View Real Time Build Order
Export as new Build Order

TLO Zerg 

Build Orders: Hatch First 

Get SALT Encoding   

  12  0:00  Drone  
  13  0:13  Overlord  
  13  0:18  Drone  
  14  0:31  Drone  
  14  0:32  Drone  
  16  0:48  Hatchery  
  15  0:51  Drone  
  15  0:55  Drone  
  17  0:58  Drone  
  17  1:03  Extractor  
  17  1:14  Spawning Pool  
  17  1:16  Drone  
  17  1:20  Drone  
  18  1:29  Drone  
  19  1:40  Drone  
  20  1:50  Drone  
  21  2:00  Queen, Zergling x2  
  21  2:01  Queen  
  26  2:02  Zergling x2  
  26  2:04  Metabolic Boost  
  27  2:10  Overlord  
  27  2:13  Drone  
  28  2:30  Hatchery  
  28  2:31  Zergling x2  
  28  2:35  Drone  
  28  2:40  Drone  
  29  2:44  Queen  
  29  2:48  Overlord  
  31  2:53  Drone  
  32  2:58  Drone x2  
  32  3:01  Overlord  
  32  3:05  Drone  
  35  3:06  Drone  
  35  3:11  Drone x2  
  38  3:16  Drone  
  38  3:18  Drone  
  40  3:23  Queen  
  40  3:25  Drone  
  43  3:27  Drone  
  43  3:33  Drone  
  45  3:37  Queen  
  45  3:39  Overlord  
  47  3:43  Drone  
  47  3:44  Drone  
  47  3:48  Queen  
  51  3:53  Drone  
  51  3:55  Drone  
  53  3:57  Drone  
  53  3:59  Drone  
  53  4:01  Overlord  
  53  4:02  Drone  
  56  4:03  Drone  
  56  4:04  Drone  
  56  4:05  Drone  
  59  4:10  Evolution Chamber  
  59  4:12  Drone  
  59  4:14  Evolution Chamber  
  58  4:17  Overlord  
  58  4:18  Zergling x4  
  60  4:26  Zergling x2  
  60  4:27  Zergling x4  
  65  4:34  Zergling x2  
  65  4:37  Zergling x2  
Show
View Real Time Build Order
Export as new Build Order

MikeHawk Terran - Winner!

Build Orders: Liberator Opening, Reaper Expand 

Get SALT Encoding   

  12  0:00  SCV  
  13  0:12  SCV  
  14  0:17  Supply Depot  
  14  0:24  SCV  
  15  0:38  SCV  
  15  0:40  Barracks  
  16  0:43  Refinery  
  16  0:51  SCV  
  17  1:03  SCV  
  18  1:15  SCV  
  19  1:27  Orbital Command, Reaper  
  20  1:39  Command Center  
  20  1:48  Supply Depot  
  20  1:52  SCV  
  21  1:58  Marine  
  22  2:04  SCV  
  22  2:07  Factory  
  23  2:13  Refinery  
  23  2:16  SCV  
  23  2:19  Barracks Reactor  
  24  2:28  SCV  
  25  2:41  SCV  
  26  2:51  Orbital Command  
  26  2:53  SCV  
  26  2:54  Starport  
  27  3:01  Hellion x2  
  27  3:04  Marine  
  27  3:05  SCV  
  33  3:17  SCV  
  33  3:18  SCV  
  35  3:21  Supply Depot  
  35  3:22  Marine, Hellion x2  
  40  3:30  Medivac  
  40  3:32  Armory  
  42  3:39  Marine  
  43  3:44  Hellion x2  
  47  3:48  Supply Depot  
  47  3:50  SCV x2  
  49  3:59  Liberator  
  53  4:02  SCV  
  53  4:03  SCV  
  54  4:10  Hellion x2  
  54  4:12  Supply Depot  
  54  4:14  SCV  
  54  4:15  SCV  
  60  4:27  SCV x2  
  62  4:33  Hellion x2  
  62  4:34  Barracks Tech Lab  
  66  4:39  SCV x2  
  69  4:56  Command Center  
Tags
 
Add a new tag
Caveats
  • Supply blocks, unpowered buildings, or Contaminate may cause inaccurate times.
  • Supply counts are checked every 10 seconds.